Map: Ulrena

Players

LilDicky - Winner!

  • Race: Protoss Protoss
  • League: Diamond

Soulbane

  • Race: Terran Terran
  • League: Platinum

VOD

http://www.twitch.tv/tumescentpie

Description

Time

  • Played on: Jan. 4, 2016, 11:14 p.m.
  • Length: 6:05
Show
View Real Time Build Order
Export as new Build Order

LilDicky Protoss - Winner!

Build Orders:  

Get SALT Encoding   

  12  0:02  Probe (Chrono Boost)  
  13  0:13  Probe (Chrono Boost)  
  14  0:20  Pylon  
  14  0:27  Assimilator  
  14  0:29  Probe (Chrono Boost)  
  15  0:40  Probe (Chrono Boost)  
  16  0:48  Gateway  
  16  0:58  Gateway  
  16  1:00  Probe (Chrono Boost)  
  17  1:15  Probe (Chrono Boost)  
  18  1:26  Pylon  
  18  1:35  Probe (Chrono Boost)  
  19  1:41  Cybernetics Core  
  19  1:45  Probe (Chrono Boost)  
  20  1:56  Probe (Chrono Boost)  
  21  2:07  Probe (Chrono Boost)  
  22  2:20  Stalker x2  
  22  2:22  Mothership Core (Chrono Boost)  
  28  2:27  Warp Gate (Chrono Boost)  
  28  2:35  Pylon  
  28  2:37  Gateway  
  28  2:38  Gateway  
  28  3:03  Assimilator  
  28  3:09  Pylon  
  28  3:13  Probe  
  29  3:25  Probe  
  30  3:52  Pylon  
  30  3:57  Probe  
  30  4:00  Pylon  
  31  4:09  Probe  
  32  4:17  Nexus  
  32  4:28  Adept x4  
  40  4:35  Probe  
  41  4:47  Probe  
  42  4:59  Probe  
  41  5:01  Adept x4  
  39  5:39  Probe, Adept x4  
  39  5:40  Probe  
  45  5:50  Probe  
  45  5:53  Probe  
Show
View Real Time Build Order
Export as new Build Order

Soulbane Terran 

Build Orders:  

Get SALT Encoding   

  12  0:01  SCV  
  13  0:13  SCV  
  14  0:19  Supply Depot  
  14  0:25  SCV  
  15  0:40  SCV  
  15  0:42  Barracks  
  16  0:46  Refinery  
  16  0:53  SCV  
  17  1:05  SCV  
  18  1:17  SCV  
  19  1:30  SCV  
  20  1:36  Command Center  
  20  1:42  SCV  
  21  1:48  Reaper  
  22  1:59  Barracks  
  21  2:07  Orbital Command  
  21  2:22  Bunker  
  21  2:28  Bunker  
  21  2:36  Barracks Reactor  
  21  2:39  SCV  
  21  2:40  Refinery  
  22  2:48  Barracks Tech Lab  
  22  2:51  SCV  
  23  2:55  Orbital Command  
  23  3:03  SCV  
  24  3:10  Marine  
  24  3:12  Stimpack  
  25  3:15  SCV  
  25  3:16  Marine x2  
  28  3:27  SCV  
  28  3:28  Marine  
  28  3:32  SCV  
  31  3:34  Marine x2  
  31  3:39  SCV  
  34  3:45  SCV, Marine  
  36  3:52  Marine  
  36  3:54  Supply Depot  
  37  3:56  SCV  
  38  4:06  Factory  
  38  4:17  Supply Depot  
  38  4:19  Supply Depot  
  38  4:32  Barracks  
  38  4:39  SCV x2, Marauder, Marine x2  
  44  4:51  SCV x2  
  45  4:53  Supply Depot  
  45  4:57  Marine  
  41  5:00  Marine  
  41  5:03  SCV  
  41  5:04  SCV  
  38  5:12  Marine  
  29  5:15  SCV  
  29  5:16  SCV  
  29  5:18  Marine  
  31  5:30  Marine  
  25  5:36  Supply Depot  
  25  5:41  SCV  
Tags
 
Add a new tag
Caveats
  • Supply blocks, unpowered buildings, or Contaminate may cause inaccurate times.
  • Supply counts are checked every 10 seconds.